 Dungeon Crawl Stone Soup version 0.29-a0-509-g793eeb5391 (webtiles) character file.

Game seed: 15557083680573804737

34 CrazyBamboolord the Ducker (level 3, 0/17 HPs)
             Began as a Felid Monk on May 29, 2022.
             Succumbed to an adder's poison
             ... on level 2 of the Dungeon.
             The game lasted 00:03:34 (1506 turns).

CrazyBamboolord the Ducker (Felid Monk)             Turns: 1506, Time: 00:03:35

Health: 0/17       AC:  1    Str:  7    XL:     3   Next: 14%
Magic:  4/4        EV: 20    Int: 11    God:
Gold:   80         SH:  0    Dex: 20    Spells: 2/2 levels left
                                        Lives:  0   Deaths: 0

rFire   . . .      SeeInvis +     - Unarmed
rCold   . . .      Faith    .   (shield unavailable)
rNeg    . . .      Spirit   .   (body armour unavailable)
rPois   .          Reflect  .   (helmet unavailable)
rElec   .          Harm     .   (cloak unavailable)
rCorr   +          Rampage  .   (gloves unavailable)
Will    .....                   (boots unavailable)
Stlth   +++.......              (no amulet)
HPRegen 0.05/turn               b - ring of resist corrosion
MPRegen 0.09/turn               (no ring)

@: lethally poisoned (0 -> -1), quick
A: very small, claws 1, fangs 3, see invisible, speed 1, shaggy fur 1, stealthy
paws, no weapons or thrown items, no armour, multi-lived
a: no special abilities


You were on level 2 of the Dungeon.
You visited 1 branch of the dungeon, and saw 2 of its levels.

You collected 80 gold pieces.

Inventory:

Jewellery
 b - a ring of resist corrosion (left paw)
Scrolls
 d - a scroll of teleportation {unknown}
Potions
 a - a potion of ambrosia
 c - 3 potions of heal wounds {unknown}
 e - 2 potions of mutation {unknown}
 f - a potion of berserk rage {unknown}


   Skills:
 * Level 3.3 Fighting
 * Level 4.7 Dodging
 + Level 2.8 Stealth
 * Level 3.3 Unarmed Combat
 * Level 0.2 Evocations


You had 2 spell levels left.
You didn't know any spells.
Your spell library was empty.

Dungeon Overview and Level Annotations

Branches:
Dungeon (2/15)

Altars:

Shops:
D:1 =


Innate Abilities, Weirdness & Mutations

You have sharp claws.
You have razor-sharp teeth.
You have supernaturally acute eyesight. (SInv)
You cover ground quickly. (Speed+)
You are covered in fur. (AC +1)
Your paws help you pounce on unaware monsters.
You are incapable of wielding weapons or throwing items.
You cannot wear armour.
You gain extra lives every three experience levels.


Message History

You kill the frilled lizard!
No target in view!
f - a green potion An adder comes into view.
Found 12 gold pieces.
An adder is nearby!
The adder hisses angrily.
The adder closely misses you.
You closely miss the adder. You bite the adder.
The adder is lightly wounded.
The adder misses you. x2
You barely miss the adder. The adder bites you.
You scratch the adder.
The adder is lightly wounded.
The adder completely misses you.
You scratch the adder.
The adder is moderately wounded.
The adder barely misses you.
You scratch the adder.
The adder is heavily wounded.
The adder closely misses you. The adder barely misses you.
You miss the adder.
The adder is heavily wounded.
The adder completely misses you.
You scratch the adder.
The adder is severely wounded.
The adder bites you.
You are poisoned.
The adder poisons you!
You miss the adder.
The adder is severely wounded.
You feel sick. The adder closely misses you. The adder bites you.
You are too injured to fight recklessly!
You feel sick. The adder attacks as you move away! The adder barely misses you.
You feel sick.
You feel sick. The adder attacks as you move away! The adder bites you.
* * * LOW HITPOINT WARNING * * *
x2 You feel sick.
You die...

#.##.....# ... .# #.##..†.##
#.###$# ..##.#.## #.....#
####.#.#### ###.### ...#......#
#...# ##....###.# #...# ####.
#....# #.# #S..####.... #
##.##.###.# #####.......... ..#
...##.....###...@.........##..###
.######....................#.....
.# #.#####................|.# .#
#.# #####...###.......# ## #.#
#.........##..# #######.#
#...###.......# ........#
#...##.......## .########
##.###.#####.#### .#
#..............#


You could see an adder.

Vanquished Creatures
  A dart slug (D:1)
  2 bats (D:1)
  An endoplasm (D:1)
  2 giant cockroaches (D:1)
  3 hobgoblins (D:1)
  4 jackals (D:1)
  A quokka (D:2)
  2 ball pythons (D:1)
  2 frilled lizards
  2 goblins
  5 kobolds
  4 rats (D:1)
29 creatures vanquished.

Notes
Turn   | Place    | Note
-------+----------+-------------------------------------------
     0 | D:1      | CrazyBamboolord the Felid Monk began the quest for the Orb.
     0 | D:1      | Reached XP level 1. HP: 10/10 MP: 2/2
   406 | D:1      | Found Calag's Jewellery Shoppe.
   434 | D:1      | Reached XP level 2. HP: 14/14 MP: 3/3
  1026 | D:1      | Reached XP level 3. HP: 15/17 MP: 4/4
  1506 | D:2      | Succumbed to an adder's poison

Illustrated notes

Levels and vault maps discovered:
D:1:      sevenhm_arrival_forest_fort_large_2, layout_loops_ring, serial_shops,
          shop
D:2:      layout_loops_cross, shapermc_ecumenical_altar_acropolis

Action                   || total
-------------------------++-------
Melee: Unarmed           ||    96
       Bite              ||     9
       Punch             ||     2
 Stab: Sleeping          ||     3
Armor: Skin              ||     7
Dodge: Dodged            ||    80

Table legend: (Time is in decaauts)
 A = Elapsed time spent in this place.
 B = Non-inter-level travel time spent in this place.
 C = Inter-level travel time spent in this place.
 D = Time resting spent in this place.
 E = Time spent auto-exploring this place.
 F = Levels seen in this place.
 G = Mean time per level.
                   A        B        C        D        E       F      G
               +--------+--------+--------+--------+--------+-----+--------+
         Total |   1317 |   1207 |    110 |    169 |    775 |   2 |  658.5 |
       Dungeon |   1317 |   1207 |    110 |    169 |    775 |   2 |  658.5 |
               +--------+--------+--------+--------+--------+-----+--------+

Top non-repeatable levels by time:
     D:1: 1174 daAuts
     D:2: 142 daAuts
